Canucks vs Avalanche
Created - 20 octobre 2014 at 20:53
Goals
|
| Canucks |
1 |
2 |
1 |
4 |
| Avalanche |
1 |
1 |
0 |
2 |
|
Shots
|
| Canucks |
13 |
15 |
7 |
35 |
| Avalanche |
10 |
13 |
10 |
33 |
|
1st period
1. Canucks , Clarke MacArthur 2 (David Jones) at 19:16
2. Avalanche , Ryan Smyth 6 (Corey Perry, Jason Allison) at 19:45 (PP)
Penalties :
Jason Pominville (Col) for Roughing (Minor) at 13:01, Clarke MacArthur (Van) for Interference (Minor) at 19:39
2nd period
3. Canucks , Nikolai Zherdev 2 (Chris Phillips, Maxim Lapierre) at 4:30
4. Canucks , Jaromir Jagr 5 (Sami Lepisto) at 7:35
5. Avalanche , Michael Rupp 4 (Drew Doughty, Maxim Talbot) at 19:43
Penalties :
No Penalty
3rd period
6. Canucks , Maxim Lapierre 1 (Steve Montador) at 15:40
Penalties :
Peter Worrell (Van) for Hooking (Minor) at 1:56, Joe Sakic (Van) for Elbowing (Minor) at 8:53
Goalie Stats
Carey Price (Van), 31 saves from 33 shots - (0,939), W, 3-7-2, 60:00 minutes
Marty Turco (Col), 31 saves from 35 shots - (0,886), L, 1-3-0, 60:00 minutes
Players Stats for Canucks
Player Name G A P +/- PIM S H SB GA TA FO MP PP MP PK MP
------------------------------------------------------------------------------------
Alex Tanguay 0 0 0 0 0 1 1 0 0 0 0/0 8:01 0:06 0:59
Chris Phillips 0 1 1 2 0 0 0 0 0 0 0/0 20:43 1:02 1:16
Clarke MacArthur 1 0 1 1 2 4 1 0 0 0 0/0 17:11 0:54 0:00
David Jones 0 1 1 1 0 2 4 0 0 1 0/1 17:19 0:54 0:00
Fabian Brunnstrom 0 0 0 1 0 2 1 0 0 0 0/0 14:14 0:06 0:00
Jaromir Jagr 1 0 1 1 0 5 4 0 1 0 1/5 20:17 1:05 2:14
Jeremy Williams 0 0 0 0 0 3 0 0 0 0 0/0 6:03 0:00 0:00
Joe Sakic 0 0 0 1 2 2 3 0 0 0 8/17 18:20 0:54 0:37
Karl Alzner 0 0 0 -1 0 1 0 1 0 0 0/0 13:51 0:00 0:00
Kim Johnsson 0 0 0 2 0 1 2 1 1 1 0/0 25:26 0:57 2:48
Matt Stajan 0 0 0 1 0 1 0 0 0 1 8/25 20:08 0:59 2:13
Maxim Lapierre 1 1 2 1 0 4 1 0 0 0 3/6 15:38 0:00 1:32
Nikolai Zherdev 1 0 1 1 0 4 0 0 1 0 1/1 13:47 0:00 0:00
Peter Worrell 0 0 0 1 2 2 3 1 0 0 1/1 18:45 0:59 0:30
Ryan Craig 0 0 0 0 0 1 1 0 0 0 0/2 6:10 0:00 0:03
Sami Lepisto 0 1 1 2 0 1 1 1 0 0 0/0 20:43 1:02 1:16
Steve Montador 0 1 1 2 0 1 0 3 0 0 0/0 25:26 0:57 2:48
Taylor Chorney 0 0 0 -1 0 0 1 0 0 0 0/0 13:51 0:00 0:00
Players Stats for Avalanche
Player Name G A P +/- PIM S H SB GA TA FO MP PP MP PK MP
------------------------------------------------------------------------------------
Andrew Ladd 0 0 0 -2 0 5 2 0 0 0 0/0 10:58 0:00 0:43
Brian Campbell 0 0 0 -2 0 0 1 0 1 0 0/0 18:32 2:11 0:00
Bryan Little 0 0 0 0 0 2 3 0 0 1 16/27 18:33 1:52 0:00
Chuck Kobasew 0 0 0 0 0 1 2 0 0 0 0/0 10:34 0:13 0:31
Corey Perry 0 1 1 0 0 2 1 0 0 1 2/2 18:56 2:12 0:00
Dave Tanabe 0 0 0 -2 0 2 2 1 0 0 0/0 21:03 2:09 0:46
Drew Doughty 0 1 1 1 0 3 1 0 1 0 0/0 20:49 1:53 0:00
Dustin Byfuglien 0 0 0 -2 0 3 0 0 0 0 0/0 11:22 0:33 0:31
Jack Johnson 0 0 0 1 0 0 0 0 0 0 0/0 22:38 1:55 1:13
Jason Allison 0 1 1 0 0 0 1 1 0 0 4/7 12:30 2:12 0:20
Jason Pominville 0 0 0 -1 2 2 2 0 1 0 1/2 18:42 1:30 0:00
Marc Staal 0 0 0 -2 0 1 1 1 0 0 0/0 19:53 0:00 1:13
Maxim Talbot 0 1 1 -2 0 1 0 1 0 1 2/4 9:49 0:00 0:00
Michael Rupp 1 0 1 0 0 2 3 0 0 0 0/0 17:33 0:00 0:57
Mike Comrie 0 0 0 -1 0 1 1 1 0 0 11/16 18:04 0:00 0:56
Rostislav Olesz 0 0 0 0 0 3 1 0 0 0 0/0 12:03 1:52 0:00
Ryan Smyth 1 0 1 -1 0 5 2 0 0 0 0/0 18:56 1:48 0:00
Shane O'Brien 0 0 0 -2 0 0 1 1 0 0 0/0 17:05 0:00 0:46
3 Stars
1 - Maxim Lapierre (Van)
2 - Jaromir Jagr (Van)
3 - Michael Rupp (Col)
Power Play
Canucks - 0 on 1 Attempt(s) - 0,00%
Avalanche - 1 on 3 Attempt(s) - 33,33%
Penalty Kill
Canucks - 2 on 3 Attempt(s) - 66,67%
- Score 0 goal in Penalty Kill
Avalanche - 1 on 1 Attempt(s) - 100,00%
- Score 0 goal in Penalty Kill
Official
Referees : Lee Chris and LaRue Dennis
Linesman : Scott Driscoll and Andy McElman
Game Notes
15:40 of 3rd period - Canucks goal is going for a video replay. After video review, Goal.
Finance
Level 1 -- Attendance: 5410 (90,17%) -- Ticket Income 454 440 $
Level 2 -- Attendance: 4479 (89,58%) -- Ticket Income 223 950 $
Level 3 -- Attendance: 2000 (100,00%) -- Ticket Income 56 000 $
Level 4 -- Attendance: 3802 (95,05%) -- Ticket Income 68 436 $
Luxury Box -- Attendance: 927 (92,70%) -- Ticket Income 154 809 $
Game was played at the Pepsi Center
Total Attendance: 16618 (92,32%)
Total Ticket Income: 957 635 $
Other Income: 143 645 $
Total Income: 1 101 280 $
Canucks
5 vs 5 Forward
Center Left Wing Right Wing Time % Phy DF OF
1 Matt Stajan Peter Worrell Jaromir Jagr 40 0 3 2
2 Joe Sakic Clarke MacArthur David Jones 39 0 3 2
3 Maxim Lapierre Fabian Brunnstrom Nikolai Zherdev 20 0 3 2
4 Ryan Craig Alex Tanguay Jeremy Williams 1 1 2 2
5 vs 5 Defense
Defense Defense Time % Phy DF OF
1 Steve Montador Kim Johnsson 40 1 2 2
2 Chris Phillips Sami Lepisto 30 1 2 2
3 Taylor Chorney Karl Alzner 20 1 2 2
4 Steve Montador Kim Johnsson 10 1 2 2
PowerPlay Forward
Center Left Wing Right Wing Time % Phy DF OF
1 Matt Stajan Peter Worrell Jaromir Jagr 60 1 2 2
2 Joe Sakic Clarke MacArthur David Jones 40 1 2 2
PowerPlay Defense
Defense Defense Time % Phy DF OF
1 Steve Montador Kim Johnsson 60 1 2 2
2 Chris Phillips Sami Lepisto 40 1 2 2
Penalty Kill 4 Players Forward
Center Wing Time % Phy DF OF
1 Jaromir Jagr Matt Stajan 60 1 2 2
2 Peter Worrell Joe Sakic 40 1 2 2
Penalty Kill 4 Players Defense
Defense Defense Time % Phy DF OF
1 Steve Montador Kim Johnsson 60 1 2 2
2 Chris Phillips Sami Lepisto 40 1 2 2
Penalty Kill - 3 Players Forward
Forward Time % Phy DF OF
1 Jaromir Jagr 60 1 2 2
2 Matt Stajan 40 1 2 2
Penalty Kill - 3 Players Defense
Defense Defense Time % Phy DF OF
1 Steve Montador Kim Johnsson 60 1 2 2
2 Chris Phillips Sami Lepisto 40 1 2 2
4 vs 4 Forward
Center Wing Time % Phy DF OF
1 Jaromir Jagr Matt Stajan 60 1 2 2
2 Peter Worrell Joe Sakic 40 1 2 2
4 vs 4 Defense
Defense Defense Time % Phy DF OF
1 Steve Montador Kim Johnsson 60 1 2 2
2 Chris Phillips Sami Lepisto 40 1 2 2
Last Minutes Offensive
Center Left Wing Right Wing Defense Defense
Matt Stajan Peter Worrell Jaromir Jagr Steve Montador Kim Johnsson
Last Minutes Defensive
Center Left Wing Right Wing Defense Defense
Matt Stajan Peter Worrell Jaromir Jagr Steve Montador Kim Johnsson
Goaltenders
Starting : Carey Price
Backup : José Theodore
Extra Forwards
Normal : Fabian Brunnstrom, Alex Tanguay, Maxim Lapierre - PP : Fabian Brunnstrom, Alex Tanguay - PK : Maxim Lapierre
Extra Defensemen
Normal : Taylor Chorney, Karl Alzner, Chris Phillips - PP : Taylor Chorney - PK : Karl Alzner, Chris Phillips
Penalty Shots
Jaromir Jagr, Matt Stajan, Peter Worrell, Joe Sakic, Clarke MacArthur
Avalanche
5 vs 5 Forward
Center Left Wing Right Wing Time % Phy DF OF
1 Bryan Little Michael Rupp Corey Perry 35 1 2 2
2 Mike Comrie Ryan Smyth Jason Pominville 35 1 2 2
3 Maxim Talbot Andrew Ladd Dustin Byfuglien 15 1 2 2
4 Jason Allison Rostislav Olesz Chuck Kobasew 15 1 2 2
5 vs 5 Defense
Defense Defense Time % Phy DF OF
1 Jack Johnson Drew Doughty 35 1 2 2
2 Marc Staal Dave Tanabe 35 1 2 2
3 Brian Campbell Shane O'Brien 30 1 2 2
4 Jack Johnson Drew Doughty 0 1 2 2
PowerPlay Forward
Center Left Wing Right Wing Time % Phy DF OF
1 Jason Allison Ryan Smyth Corey Perry 60 1 2 2
2 Bryan Little Rostislav Olesz Jason Pominville 40 1 2 2
PowerPlay Defense
Defense Defense Time % Phy DF OF
1 Drew Doughty Dave Tanabe 60 1 2 2
2 Brian Campbell Jack Johnson 40 1 2 2
Penalty Kill 4 Players Forward
Center Wing Time % Phy DF OF
1 Mike Comrie Michael Rupp 60 1 2 2
2 Dustin Byfuglien Chuck Kobasew 40 1 2 2
Penalty Kill 4 Players Defense
Defense Defense Time % Phy DF OF
1 Jack Johnson Marc Staal 60 1 2 2
2 Dave Tanabe Shane O'Brien 40 1 2 2
Penalty Kill - 3 Players Forward
Forward Time % Phy DF OF
1 Mike Comrie 60 1 2 2
2 Jason Pominville 40 1 2 2
Penalty Kill - 3 Players Defense
Defense Defense Time % Phy DF OF
1 Jack Johnson Marc Staal 60 1 2 2
2 Dave Tanabe Shane O'Brien 40 1 2 2
4 vs 4 Forward
Center Wing Time % Phy DF OF
1 Corey Perry Jason Pominville 60 1 2 2
2 Ryan Smyth Mike Comrie 40 1 2 2
4 vs 4 Defense
Defense Defense Time % Phy DF OF
1 Jack Johnson Marc Staal 60 1 2 2
2 Dave Tanabe Drew Doughty 40 1 2 2
Last Minutes Offensive
Center Left Wing Right Wing Defense Defense
Jason Allison Ryan Smyth Corey Perry Drew Doughty Dave Tanabe
Last Minutes Defensive
Center Left Wing Right Wing Defense Defense
Mike Comrie Michael Rupp Chuck Kobasew Jack Johnson Marc Staal
Goaltenders
Starting : Marty Turco
Backup : Jimmy Howard
Extra Forwards
Normal : Dustin Byfuglien, Rostislav Olesz, Andrew Ladd - PP : Dustin Byfuglien, Rostislav Olesz - PK : Andrew Ladd
Extra Defensemen
Normal : Dave Tanabe, Shane O'Brien, Drew Doughty - PP : Dave Tanabe - PK : Shane O'Brien, Drew Doughty
Penalty Shots
Corey Perry, Ryan Smyth, Bryan Little, Mike Comrie, Dave Tanabe
% Time on Ice - Canucks
Lines # - Real PCT - Wanted PCT - Time Play
Normal Forward
1 - 33% - 40% - 17:49
2 - 30% - 39% - 16:18
3 - 26% - 20% - 13:47
4 - 11% - 1% - 6:03
Normal Defense
1 - 36% - 40% - 19:28
2 - 34% - 30% - 18:25
3 - 26% - 20% - 13:51
4 - 4% - 10% - 2:13
PP Forward
1 - 55% - 60% - 1:05
2 - 45% - 40% - 0:54
PP Defense
1 - 48% - 60% - 0:57
2 - 52% - 40% - 1:02
PK Forward
1 - 75% - 60% - 3:02
2 - 25% - 40% - 1:02
PK Defense
1 - 69% - 60% - 2:48
2 - 31% - 40% - 1:16
PK3 Forward
1 - 0% - 60%
2 - 0% - 40%
PK3 Defense
1 - 0% - 60%
2 - 0% - 40%
44 Forward
1 - 0% - 60%
2 - 0% - 40%
44 Defense
1 - 0% - 60%
2 - 0% - 40%
Last Minute Offensive - 0:00
Last Minute Defensive - 0:00
Total
Forward - 60:00
Defense - 60:00
|
% Time on Ice - Avalanche
Lines # - Real PCT - Wanted PCT - Time Play
Normal Forward
1 - 32% - 35% - 17:10
2 - 32% - 35% - 17:08
3 - 18% - 15% - 9:49
4 - 18% - 15% - 9:50
Normal Defense
1 - 35% - 35% - 18:50
2 - 35% - 35% - 18:46
3 - 29% - 30% - 15:54
4 - 1% - 0% - 0:27
PP Forward
1 - 54% - 60% - 2:12
2 - 46% - 40% - 1:52
PP Defense
1 - 53% - 60% - 2:09
2 - 47% - 40% - 1:55
PK Forward
1 - 74% - 60% - 1:28
2 - 26% - 40% - 0:31
PK Defense
1 - 61% - 60% - 1:13
2 - 39% - 40% - 0:46
PK3 Forward
1 - 0% - 60%
2 - 0% - 40%
PK3 Defense
1 - 0% - 60%
2 - 0% - 40%
44 Forward
1 - 0% - 60%
2 - 0% - 40%
44 Defense
1 - 0% - 60%
2 - 0% - 40%
Last Minute Offensive - 0:00
Last Minute Defensive - 0:00
Total
Forward - 60:00
Defense - 60:00
|
Play by Play
1st period
0:01 of 1st period - Bryan Little wins face-off versus Matt Stajan in neutral zone.
0:34 of 1st period - Slapshot by Clarke MacArthur.
0:34 of 1st period - Stopped by Marty Turco with a rebound.
1:14 of 1st period - Slapshot by Rostislav Olesz.
1:14 of 1st period - Stopped by Carey Price without a rebound.
1:15 of 1st period - Bryan Little wins face-off versus Joe Sakic in Canucks zone.
1:29 of 1st period - Snap shot by David Jones.
1:29 of 1st period - Shot Misses the Net.
3:07 of 1st period - Slapshot by Drew Doughty.
3:07 of 1st period - Stopped by Carey Price with a rebound.
3:22 of 1st period - Jaromir Jagr is hit by Chuck Kobasew and loses puck.
3:27 of 1st period - Wrist shot by Rostislav Olesz.
3:27 of 1st period - Stopped by Carey Price without a rebound.
3:28 of 1st period - Bryan Little wins face-off versus Maxim Lapierre in Canucks zone.
3:31 of 1st period - Snap shot by Bryan Little.
3:31 of 1st period - Stopped by Carey Price without a rebound.
3:32 of 1st period - Maxim Lapierre wins face-off versus Bryan Little in Canucks zone.
3:43 of 1st period - Snap shot by Nikolai Zherdev.
3:43 of 1st period - Stopped by Marty Turco with a rebound.
3:45 of 1st period - Snap shot by Sami Lepisto.
3:45 of 1st period - Shot Misses the Net.
3:47 of 1st period - Snap shot by Fabian Brunnstrom.
3:47 of 1st period - Deflect By Maxim Lapierre.
3:47 of 1st period - Stopped by Marty Turco without a rebound.
3:48 of 1st period - Matt Stajan wins face-off versus Mike Comrie in Avalanche zone.
3:51 of 1st period - Snap shot by Matt Stajan.
3:51 of 1st period - Shot Misses the Net.
4:03 of 1st period - Slapshot by Jaromir Jagr.
4:03 of 1st period - Stopped by Marty Turco with a rebound.
4:39 of 1st period - Dave Tanabe is hit by Maxim Lapierre and loses puck.
4:44 of 1st period - Backhand shot by Maxim Lapierre.
4:44 of 1st period - Shot Misses the Net.
6:12 of 1st period - Icing by Jason Allison.
6:13 of 1st period - Jason Allison wins face-off versus Ryan Craig in Avalanche zone.
6:20 of 1st period - Wrist shot by Rostislav Olesz.
6:20 of 1st period - Shot Blocked by Kim Johnsson.
6:59 of 1st period - Wrist shot by Jaromir Jagr.
6:59 of 1st period - Shot Blocked by Maxim Talbot.
7:01 of 1st period - Wrist shot by Matt Stajan.
7:01 of 1st period - Shot Misses the Net.
7:03 of 1st period - Wrist shot by Jaromir Jagr.
7:03 of 1st period - Shot Blocked by Shane O'Brien.
7:05 of 1st period - Snap shot by Matt Stajan.
7:05 of 1st period - Shot Misses the Net.
7:21 of 1st period - Shane O'Brien is hit by Fabian Brunnstrom and loses puck.
7:30 of 1st period - Fabian Brunnstrom is hit by Michael Rupp and loses puck.
8:33 of 1st period - Snap shot by Jaromir Jagr.
8:33 of 1st period - Stopped by Marty Turco with a rebound.
9:17 of 1st period - Wrist shot by Maxim Lapierre.
9:17 of 1st period - Stopped by Marty Turco with a rebound.
9:38 of 1st period - Snap shot by Clarke MacArthur.
9:38 of 1st period - Stopped by Marty Turco with a rebound.
9:40 of 1st period - Wrist shot by Alex Tanguay.
9:40 of 1st period - Stopped by Marty Turco without a rebound.
9:41 of 1st period - Bryan Little wins face-off versus Ryan Craig in Avalanche zone.
10:06 of 1st period - Steve Montador is hit by Ryan Smyth and loses puck.
10:13 of 1st period - Wrist shot by Ryan Smyth.
10:13 of 1st period - Shot Misses the Net.
10:25 of 1st period - Sami Lepisto is hit by Dave Tanabe and loses puck.
11:06 of 1st period - Wrist shot by Jaromir Jagr.
11:06 of 1st period - Stopped by Marty Turco without a rebound.
11:07 of 1st period - Matt Stajan wins face-off versus Bryan Little in Avalanche zone.
12:04 of 1st period - Chuck Kobasew is hit by Sami Lepisto and loses puck.
12:15 of 1st period - Snap shot by Maxim Talbot.
12:15 of 1st period - Shot Misses the Net.
12:17 of 1st period - Snap shot by Andrew Ladd.
12:17 of 1st period - Stopped by Carey Price without a rebound.
12:18 of 1st period - Maxim Talbot wins face-off versus Matt Stajan in Canucks zone.
12:25 of 1st period - Jaromir Jagr is hit by Dave Tanabe and loses puck.
12:44 of 1st period - Steve Montador is hit by Jason Pominville and loses puck.
12:55 of 1st period - Wrist shot by David Jones.
12:55 of 1st period - Shot Blocked by Mike Comrie.
13:01 of 1st period - Minor Penalty to Jason Pominville for Roughing.
13:02 of 1st period - Mike Comrie wins face-off versus Matt Stajan in Avalanche zone.
13:11 of 1st period - Jack Johnson is hit by Peter Worrell and loses puck.
13:58 of 1st period - Dustin Byfuglien is hit by Kim Johnsson.
14:12 of 1st period - Andrew Ladd is hit by Joe Sakic and loses puck.
14:23 of 1st period - Clarke MacArthur is hit by Andrew Ladd and loses puck.
14:58 of 1st period - Marc Staal is hit by Jaromir Jagr and loses puck.
15:01 of 1st period - Penalty to Jason Pominville is over, Jason Pominville is back on ice.
15:26 of 1st period - Brian Campbell is hit by Kim Johnsson.
15:30 of 1st period - Wrist shot by Ryan Craig.
15:30 of 1st period - Stopped by Marty Turco without a rebound.
15:31 of 1st period - Nikolai Zherdev wins face-off versus Jason Allison in Avalanche zone.
15:38 of 1st period - Wrist shot by Nikolai Zherdev.
15:38 of 1st period - Stopped by Marty Turco without a rebound.
15:39 of 1st period - Maxim Lapierre wins face-off versus Bryan Little in Avalanche zone.
15:54 of 1st period - Wrist shot by Fabian Brunnstrom.
15:54 of 1st period - Shot Misses the Net.
16:29 of 1st period - Snap shot by Andrew Ladd.
16:29 of 1st period - Stopped by Carey Price with a rebound.
16:31 of 1st period - Wrist shot by Maxim Talbot.
16:31 of 1st period - Shot Blocked by Sami Lepisto.
16:37 of 1st period - Snap shot by Maxim Talbot.
16:37 of 1st period - Shot Misses the Net.
17:19 of 1st period - Slapshot by Jeremy Williams.
17:19 of 1st period - Stopped by Marty Turco with a rebound.
17:29 of 1st period - Steve Montador is hit by Mike Comrie and loses puck.
17:54 of 1st period - Slapshot by Dustin Byfuglien.
17:54 of 1st period - Stopped by Carey Price with a rebound.
18:12 of 1st period - Snap shot by Chuck Kobasew.
18:12 of 1st period - Stopped by Carey Price with a rebound.
19:16 of 1st period - Snap shot by Clarke MacArthur.
19:16 of 1st period - Goal by Clarke MacArthur - Canucks : 1 - Avalanche : 0.
19:17 of 1st period - Joe Sakic wins face-off versus Bryan Little in neutral zone.
19:20 of 1st period - Bryan Little is hit by Clarke MacArthur and loses puck.
19:39 of 1st period - Minor Penalty to Clarke MacArthur for Interference.
19:40 of 1st period - Jason Allison wins face-off versus Jaromir Jagr in Canucks zone.
19:45 of 1st period - Snap shot by Ryan Smyth.
19:45 of 1st period - Goal by Ryan Smyth - Canucks : 1 - Avalanche : 1.
19:46 of 1st period - Mike Comrie wins face-off versus Matt Stajan in neutral zone.
19:49 of 1st period - Snap shot by Ryan Smyth.
19:49 of 1st period - Stopped by Carey Price with a rebound.
19:58 of 1st period - Slapshot by Kim Johnsson.
19:58 of 1st period - Shot Blocked by Marc Staal.
Goals for this period are 1 for Canucks vs 1 for Avalanche.
Shots for this period are 13 for Canucks vs 10 for Avalanche.
2nd period
0:01 of 2nd period - Joe Sakic wins face-off versus Bryan Little in neutral zone.
0:46 of 2nd period - Slapshot by Kim Johnsson.
0:46 of 2nd period - Stopped by Marty Turco with a rebound.
0:54 of 2nd period - Wrist shot by Dave Tanabe.
0:54 of 2nd period - Stopped by Carey Price with a rebound.
0:56 of 2nd period - Wrist shot by Andrew Ladd.
0:56 of 2nd period - Stopped by Carey Price with a rebound.
1:10 of 2nd period - Snap shot by Clarke MacArthur.
1:10 of 2nd period - Deflect By David Jones.
1:10 of 2nd period - Shot Misses the Net.
1:10 of 2nd period - Puck is out of play.
1:11 of 2nd period - Bryan Little wins face-off versus Joe Sakic in Avalanche zone.
2:23 of 2nd period - Snap shot by Andrew Ladd.
2:23 of 2nd period - Stopped by Carey Price with a rebound.
2:25 of 2nd period - Snap shot by Maxim Talbot.
2:25 of 2nd period - Deflect By Clarke MacArthur.
2:25 of 2nd period - Stopped by Carey Price without a rebound.
2:26 of 2nd period - Bryan Little wins face-off versus Matt Stajan in Canucks zone.
2:27 of 2nd period - Wrist shot by Corey Perry.
2:27 of 2nd period - Shot Blocked by Steve Montador.
3:01 of 2nd period - Wrist shot by Clarke MacArthur.
3:01 of 2nd period - Shot Misses the Net.
3:29 of 2nd period - Icing by Nikolai Zherdev.
3:30 of 2nd period - Bryan Little wins face-off versus Maxim Lapierre in Canucks zone.
3:41 of 2nd period - Snap shot by Nikolai Zherdev.
3:41 of 2nd period - Shot Blocked by Dave Tanabe.
3:59 of 2nd period - Sami Lepisto is hit by Marc Staal.
4:00 of 2nd period - Icing by Sami Lepisto.
4:01 of 2nd period - Mike Comrie wins face-off versus Maxim Lapierre in Canucks zone.
4:12 of 2nd period - Wrist shot by Jason Pominville.
4:12 of 2nd period - Stopped by Carey Price with a rebound.
4:27 of 2nd period - Chris Phillips is hit by Brian Campbell and loses puck.
4:30 of 2nd period - Wrist shot by Nikolai Zherdev.
4:30 of 2nd period - Goal by Nikolai Zherdev - Canucks : 2 - Avalanche : 1.
4:31 of 2nd period - Bryan Little wins face-off versus Matt Stajan in neutral zone.
5:05 of 2nd period - Wrist shot by Joe Sakic.
5:05 of 2nd period - Stopped by Marty Turco without a rebound.
5:06 of 2nd period - Corey Perry wins face-off versus Matt Stajan in Avalanche zone.
6:16 of 2nd period - Snap shot by Maxim Lapierre.
6:16 of 2nd period - Stopped by Marty Turco without a rebound.
6:17 of 2nd period - Mike Comrie wins face-off versus Matt Stajan in Avalanche zone.
6:24 of 2nd period - Snap shot by Jaromir Jagr.
6:24 of 2nd period - Shot Misses the Net.
6:26 of 2nd period - Wrist shot by Jaromir Jagr.
6:26 of 2nd period - Stopped by Marty Turco without a rebound.
6:27 of 2nd period - Peter Worrell wins face-off versus Mike Comrie in Avalanche zone.
6:44 of 2nd period - Wrist shot by Matt Stajan.
6:44 of 2nd period - Shot Misses the Net.
6:54 of 2nd period - Slapshot by Matt Stajan.
6:54 of 2nd period - Stopped by Marty Turco without a rebound.
6:55 of 2nd period - Maxim Talbot wins face-off versus Joe Sakic in Avalanche zone.
7:04 of 2nd period - Snap shot by Maxim Talbot.
7:04 of 2nd period - Deflect By Dustin Byfuglien.
7:04 of 2nd period - Deflect By Joe Sakic.
7:04 of 2nd period - Stopped by Carey Price without a rebound.
7:05 of 2nd period - Joe Sakic wins face-off versus Maxim Talbot in Canucks zone.
7:25 of 2nd period - Wrist shot by Clarke MacArthur.
7:25 of 2nd period - Stopped by Marty Turco without a rebound.
7:26 of 2nd period - Mike Comrie wins face-off versus Matt Stajan in Avalanche zone.
7:35 of 2nd period - Snap shot by Jaromir Jagr.
7:35 of 2nd period - Goal by Jaromir Jagr - Canucks : 3 - Avalanche : 1.
7:36 of 2nd period - Mike Comrie wins face-off versus Matt Stajan in neutral zone.
8:01 of 2nd period - Bryan Little is hit by Joe Sakic and loses puck.
8:10 of 2nd period - Marc Staal is hit by Joe Sakic and loses puck.
8:23 of 2nd period - Slapshot by Fabian Brunnstrom.
8:23 of 2nd period - Stopped by Marty Turco with a rebound.
8:46 of 2nd period - Wrist shot by Drew Doughty.
8:46 of 2nd period - Stopped by Carey Price with a rebound.
8:48 of 2nd period - Snap shot by Andrew Ladd.
8:48 of 2nd period - Stopped by Carey Price without a rebound.
8:49 of 2nd period - Jason Pominville wins face-off versus Joe Sakic in Canucks zone.
9:02 of 2nd period - Snap shot by Jason Pominville.
9:02 of 2nd period - Shot Misses the Net.
9:04 of 2nd period - Slapshot by Drew Doughty.
9:04 of 2nd period - Stopped by Carey Price without a rebound.
9:05 of 2nd period - Matt Stajan wins face-off versus Bryan Little in Canucks zone.
9:05 of 2nd period - Matt Stajan is hit by Bryan Little.
9:30 of 2nd period - Joe Sakic is hit by Shane O'Brien.
9:38 of 2nd period - Slapshot by David Jones.
9:38 of 2nd period - Stopped by Marty Turco with a rebound.
10:19 of 2nd period - Maxim Lapierre is hit by Drew Doughty and loses puck.
11:42 of 2nd period - Icing by Matt Stajan.
11:43 of 2nd period - Mike Comrie wins face-off versus Matt Stajan in Canucks zone.
11:54 of 2nd period - Wrist shot by Ryan Smyth.
11:54 of 2nd period - Stopped by Carey Price with a rebound.
11:56 of 2nd period - Slapshot by Mike Comrie.
11:56 of 2nd period - Shot Blocked by Steve Montador.
11:58 of 2nd period - Snap shot by Jason Pominville.
11:58 of 2nd period - Deflect By Ryan Smyth.
11:58 of 2nd period - Stopped by Carey Price without a rebound.
11:59 of 2nd period - Bryan Little wins face-off versus Joe Sakic in Canucks zone.
12:14 of 2nd period - Snap shot by Bryan Little.
12:14 of 2nd period - Shot Hit the Post.
13:04 of 2nd period - Snap shot by Clarke MacArthur.
13:04 of 2nd period - Shot Blocked by Jason Allison.
13:06 of 2nd period - Slapshot by Karl Alzner.
13:06 of 2nd period - Stopped by Marty Turco without a rebound.
13:07 of 2nd period - Joe Sakic wins face-off versus Mike Comrie in Avalanche zone.
13:16 of 2nd period - Snap shot by Clarke MacArthur.
13:16 of 2nd period - Deflect By David Jones.
13:16 of 2nd period - Shot Hit the Post.
13:16 of 2nd period - Puck is out of play.
13:17 of 2nd period - Joe Sakic wins face-off versus Mike Comrie in Avalanche zone.
13:22 of 2nd period - Slapshot by Joe Sakic.
13:22 of 2nd period - Stopped by Marty Turco without a rebound.
13:23 of 2nd period - Bryan Little wins face-off versus David Jones in Avalanche zone.
13:23 of 2nd period - Bryan Little is hit by David Jones.
13:57 of 2nd period - Mike Comrie is hit by Jaromir Jagr and loses puck.
14:08 of 2nd period - Marc Staal is hit by Peter Worrell and loses puck.
14:40 of 2nd period - Alex Tanguay is hit by Michael Rupp and loses puck.
15:55 of 2nd period - Slapshot by Ryan Smyth.
15:55 of 2nd period - Shot Misses the Net.
15:57 of 2nd period - Slapshot by Jack Johnson.
15:57 of 2nd period - Shot Blocked by Peter Worrell.
16:16 of 2nd period - Snap shot by David Jones.
16:16 of 2nd period - Stopped by Marty Turco with a rebound.
16:33 of 2nd period - Steve Montador is hit by Jason Allison and loses puck.
17:07 of 2nd period - Jaromir Jagr is hit by Andrew Ladd and loses puck.
17:29 of 2nd period - Wrist shot by Jaromir Jagr.
17:29 of 2nd period - Shot Misses the Net.
17:31 of 2nd period - Wrist shot by Peter Worrell.
17:31 of 2nd period - Stopped by Marty Turco with a rebound.
17:33 of 2nd period - Wrist shot by Peter Worrell.
17:33 of 2nd period - Deflect By Maxim Talbot.
17:33 of 2nd period - Stopped by Marty Turco without a rebound.
17:34 of 2nd period - Corey Perry wins face-off versus Joe Sakic in Avalanche zone.
17:39 of 2nd period - Clarke MacArthur is hit by Michael Rupp and loses puck.
17:49 of 2nd period - Off-side.
17:50 of 2nd period - Mike Comrie wins face-off versus Joe Sakic in neutral zone.
17:59 of 2nd period - Wrist shot by Jason Pominville.
17:59 of 2nd period - Shot Misses the Net.
19:43 of 2nd period - Snap shot by Michael Rupp.
19:43 of 2nd period - Goal by Michael Rupp - Canucks : 3 - Avalanche : 2.
19:44 of 2nd period - Bryan Little wins face-off versus Joe Sakic in neutral zone.
19:49 of 2nd period - Wrist shot by Michael Rupp.
19:49 of 2nd period - Stopped by Carey Price without a rebound.
19:50 of 2nd period - Joe Sakic wins face-off versus Bryan Little in Canucks zone.
Goals for this period are 2 for Canucks vs 1 for Avalanche.
Shots for this period are 15 for Canucks vs 13 for Avalanche.
3rd period
0:01 of 3rd period - Mike Comrie wins face-off versus Matt Stajan in neutral zone.
0:03 of 3rd period - Off-side.
0:04 of 3rd period - Matt Stajan wins face-off versus Mike Comrie in neutral zone.
0:06 of 3rd period - Off-side.
0:07 of 3rd period - Mike Comrie wins face-off versus Matt Stajan in neutral zone.
1:34 of 3rd period - Icing by Peter Worrell.
1:35 of 3rd period - Matt Stajan wins face-off versus Jason Pominville in Canucks zone.
1:35 of 3rd period - Matt Stajan is hit by Ryan Smyth.
1:47 of 3rd period - Slapshot by Dave Tanabe.
1:47 of 3rd period - Deflect By Mike Comrie.
1:47 of 3rd period - Stopped by Carey Price without a rebound.
1:48 of 3rd period - Bryan Little wins face-off versus Matt Stajan in Canucks zone.
1:51 of 3rd period - Snap shot by Corey Perry.
1:51 of 3rd period - Deflect By Michael Rupp.
1:51 of 3rd period - Shot Misses the Net.
1:51 of 3rd period - Puck is out of play.
1:52 of 3rd period - Bryan Little wins face-off versus Matt Stajan in Canucks zone.
1:53 of 3rd period - Wrist shot by Corey Perry.
1:53 of 3rd period - Stopped by Carey Price without a rebound.
1:54 of 3rd period - Matt Stajan wins face-off versus Bryan Little in Canucks zone.
1:56 of 3rd period - Minor Penalty to Peter Worrell for Hooking.
1:57 of 3rd period - Jason Allison wins face-off versus Jaromir Jagr in Canucks zone.
2:44 of 3rd period - Icing by Jack Johnson.
2:45 of 3rd period - Joe Sakic wins face-off versus Jason Allison in Avalanche zone.
3:10 of 3rd period - Matt Stajan is hit by Bryan Little and loses puck.
3:45 of 3rd period - Maxim Lapierre is hit by Corey Perry and loses puck.
3:56 of 3rd period - Penalty to Peter Worrell is over, Peter Worrell is back on ice.
4:08 of 3rd period - Wrist shot by Dustin Byfuglien.
4:08 of 3rd period - Stopped by Carey Price with a rebound.
4:36 of 3rd period - Slapshot by Rostislav Olesz.
4:36 of 3rd period - Stopped by Carey Price without a rebound.
4:37 of 3rd period - Joe Sakic wins face-off versus Jason Allison in Canucks zone.
4:42 of 3rd period - Drew Doughty is hit by David Jones and loses puck.
4:49 of 3rd period - Sami Lepisto is hit by Rostislav Olesz and loses puck.
5:40 of 3rd period - Shane O'Brien is hit by Ryan Craig and loses puck.
5:47 of 3rd period - Wrist shot by Jeremy Williams.
5:47 of 3rd period - Stopped by Marty Turco with a rebound.
5:49 of 3rd period - Slapshot by Jeremy Williams.
5:49 of 3rd period - Stopped by Marty Turco without a rebound.
5:50 of 3rd period - Jaromir Jagr wins face-off versus Bryan Little in Avalanche zone.
6:44 of 3rd period - Snap shot by Fabian Brunnstrom.
6:44 of 3rd period - Shot Misses the Net.
6:56 of 3rd period - Wrist shot by Maxim Talbot.
6:56 of 3rd period - Shot Blocked by Steve Montador.
7:34 of 3rd period - Ryan Smyth is hit by Taylor Chorney and loses puck.
8:18 of 3rd period - Snap shot by Mike Comrie.
8:18 of 3rd period - Shot Misses the Net.
8:40 of 3rd period - Wrist shot by Jason Pominville.
8:40 of 3rd period - Shot Blocked by Karl Alzner.
8:44 of 3rd period - Wrist shot by Ryan Smyth.
8:44 of 3rd period - Stopped by Carey Price without a rebound.
8:45 of 3rd period - Bryan Little wins face-off versus Joe Sakic in Canucks zone.
8:53 of 3rd period - Minor Penalty to Joe Sakic for Elbowing.
8:54 of 3rd period - Jason Allison wins face-off versus Jaromir Jagr in Canucks zone.
9:29 of 3rd period - Jason Allison is hit by Jaromir Jagr and loses puck.
10:23 of 3rd period - Alex Tanguay is hit by Bryan Little and loses puck.
10:53 of 3rd period - Penalty to Joe Sakic is over, Joe Sakic is back on ice.
12:00 of 3rd period - Jack Johnson is hit by Peter Worrell and loses puck.
12:28 of 3rd period - Clarke MacArthur is hit by Chuck Kobasew and loses puck.
12:43 of 3rd period - Wrist shot by Matt Stajan.
12:43 of 3rd period - Deflect By Chuck Kobasew.
12:43 of 3rd period - Shot Misses the Net.
12:43 of 3rd period - Puck is out of play.
12:44 of 3rd period - Matt Stajan wins face-off versus Maxim Talbot in Avalanche zone.
14:59 of 3rd period - Snap shot by Ryan Smyth.
14:59 of 3rd period - Shot Misses the Net.
15:38 of 3rd period - Slapshot by Steve Montador.
15:38 of 3rd period - Stopped by Marty Turco with a rebound.
15:40 of 3rd period - Snap shot by Maxim Lapierre.
15:40 of 3rd period - Canucks goal is going for a video replay.
15:40 of 3rd period - The goal is good.
15:40 of 3rd period - Goal by Maxim Lapierre - Canucks : 4 - Avalanche : 2.
15:41 of 3rd period - Matt Stajan wins face-off versus Bryan Little in neutral zone.
15:44 of 3rd period - Jack Johnson is hit by Jaromir Jagr and loses puck.
16:06 of 3rd period - Mike Comrie is hit by David Jones and loses puck.
16:10 of 3rd period - Icing by Drew Doughty.
16:11 of 3rd period - Mike Comrie wins face-off versus Matt Stajan in Avalanche zone.
16:50 of 3rd period - Slapshot by Jason Pominville.
16:50 of 3rd period - Deflect By Clarke MacArthur.
16:50 of 3rd period - Stopped by Carey Price without a rebound.
16:51 of 3rd period - Bryan Little wins face-off versus Jaromir Jagr in Canucks zone.
17:04 of 3rd period - Wrist shot by Bryan Little.
17:04 of 3rd period - Stopped by Carey Price with a rebound.
17:06 of 3rd period - Slapshot by Marc Staal.
17:06 of 3rd period - Shot Misses the Net.
17:16 of 3rd period - Jason Allison is hit by David Jones and loses puck.
17:39 of 3rd period - Snap shot by Fabian Brunnstrom.
17:39 of 3rd period - Stopped by Marty Turco without a rebound.
17:40 of 3rd period - Maxim Lapierre wins face-off versus Bryan Little in Avalanche zone.
17:47 of 3rd period - Backhand shot by Nikolai Zherdev.
17:47 of 3rd period - Stopped by Marty Turco with a rebound.
17:49 of 3rd period - Slapshot by Sami Lepisto.
17:49 of 3rd period - Stopped by Marty Turco without a rebound.
17:50 of 3rd period - Bryan Little wins face-off versus Matt Stajan in Avalanche zone.
18:01 of 3rd period - Wrist shot by Corey Perry.
18:01 of 3rd period - Stopped by Carey Price with a rebound.
18:30 of 3rd period - Joe Sakic is hit by Jason Pominville and loses puck.
19:09 of 3rd period - Snap shot by Corey Perry.
19:09 of 3rd period - Shot Misses the Net.
19:11 of 3rd period - Slapshot by Dave Tanabe.
19:11 of 3rd period - Stopped by Carey Price with a rebound.
19:13 of 3rd period - Slapshot by Marc Staal.
19:13 of 3rd period - Stopped by Carey Price with a rebound.
19:23 of 3rd period - Bryan Little is hit by Alex Tanguay and loses puck.
Goals for this period are 1 for Canucks vs 0 for Avalanche.
Shots for this period are 7 for Canucks vs 10 for Avalanche.
Output by the SimonT Hockey Simulator (STHS) for François Prévost -- Original Page W3C XHTML 1.0 Valid